Map: Catalyst LE

Players

Trap

  • Race: Protoss Protoss
  • Spawn Location: 5:00

HeRoMaRinE - Winner!

  • Race: Terran Terran
  • Spawn Location: 11:00

Event: IEM Season 12 - Katowice

VOD

Have the link to the VOD?

Description

Time

  • Played on: March 2, 2018, 1:58 p.m.
  • Length: 9:43

All games in this series

Show
View Real Time Build Order
Export as new Build Order

Trap Protoss 

Build Orders: 1 Gate Expand, Blink Stalkers 

Get SALT Encoding   

  12  0:00  Probe  
  13  0:12  Probe  
  14  0:18  Pylon  
  14  0:24  Probe (Chrono Boost)  
  15  0:37  Probe (Chrono Boost), Gateway  
  16  0:45  Probe (Chrono Boost)  
  16  0:47  Assimilator  
  17  0:51  Probe  
  18  1:03  Probe  
  19  1:15  Probe  
  20  1:23  Nexus  
  20  1:32  Cybernetics Core  
  20  1:36  Probe  
  21  1:42  Assimilator  
  21  1:48  Probe  
  21  1:50  Pylon  
  22  2:00  Probe  
  23  2:07  Adept (Chrono Boost)  
  23  2:10  Warp Gate  
  23  2:12  Probe  
  26  2:24  Probe (Chrono Boost), Stalker (Chrono Boost)  
  28  2:33  Twilight Council  
  28  2:36  Probe (Chrono Boost)  
  30  2:42  Probe (Chrono Boost)  
  31  2:45  Probe (Chrono Boost)  
  31  2:48  Stalker  
  31  2:49  Probe (Chrono Boost)  
  31  2:50  Probe (Chrono Boost)  
  35  3:00  Probe  
  35  3:02  Probe  
  37  3:10  Blink (Chrono Boost)  
  38  3:12  Probe  
  38  3:14  Probe  
  38  3:16  Shield Battery  
  38  3:19  Stalker  
  41  3:25  Probe  
  41  3:26  Probe  
  43  3:29  Pylon  
  43  3:38  Gateway  
  43  3:40  Probe x2  
  45  3:45  Gateway  
  45  3:49  Stalker  
  45  3:55  Probe x2  
  49  4:00  Robotics Facility  
  49  4:04  Pylon  
  49  4:07  Probe x2  
  51  4:10  Assimilator  
  44  4:26  Probe x2  
  43  4:38  Probe x2  
  44  4:40  Stalker x3  
  50  4:50  Probe (Chrono Boost), Observer  
  53  4:53  Probe (Chrono Boost)  
  53  4:59  Pylon  
  53  5:02  Probe (Chrono Boost)  
  53  5:06  Probe (Chrono Boost)  
  55  5:07  Probe (Chrono Boost)  
  55  5:15  Probe (Chrono Boost)  
  55  5:16  Probe (Chrono Boost), Stalker x2  
  62  5:28  Probe (Chrono Boost)  
  62  5:32  Probe (Chrono Boost)  
  62  5:36  Probe (Chrono Boost)  
  62  5:37  Charge  
  62  5:39  Probe (Chrono Boost), Nexus  
  62  5:42  Pylon  
  64  5:45  Probe  
  65  5:50  Probe  
  65  5:54  Pylon  
  66  6:04  Gateway  
  66  6:06  Gateway  
  66  6:10  Immortal  
  70  6:15  Gateway  
  70  6:24  Gateway  
  70  6:25  Gateway  
  70  6:27  Probe  
  70  6:28  Probe  
  72  6:37  Zealot x3  
  78  6:41  Pylon  
  78  6:47  Pylon  
  78  6:54  Warp Prism (Chrono Boost)  
  80  7:03  Zealot x2  
  80  7:04  Zealot x2  
  80  7:05  Zealot  
  89  7:10  Probe x3  
  92  7:22  Pylon  
  92  7:24  Observer  
  92  7:27  Probe x3  
  96  7:35  Zealot x7  
  110  7:37  Zealot  
  110  7:42  Pylon  
  110  7:44  Pylon  
  112  7:46  Immortal (Chrono Boost)  
  106  8:06  Zealot x3  
  106  8:07  Zealot x4  
  68  8:27  Stalker x6  
  68  8:29  Zealot  
  68  8:32  Zealot  
  55  8:55  Zealot x3, Sentry x2  
  61  8:56  Zealot x3  
  57  9:18  Zealot x4  
  57  9:19  Stalker x2  
  57  9:21  Sentry x2  
Show
View Real Time Build Order
Export as new Build Order

HeRoMaRinE Terran - Winner!

Build Orders: Gas First Reaper Expand, Liberator Opening, Reaper Expand, MMM Bio 

Get SALT Encoding   

  12  0:00  SCV  
  13  0:13  SCV  
  14  0:17  Supply Depot  
  14  0:25  SCV  
  14  0:27  Refinery  
  15  0:38  SCV  
  16  0:45  Barracks  
  16  0:51  SCV  
  17  1:03  SCV  
  18  1:15  SCV  
  19  1:32  Reaper, Orbital Command  
  20  1:43  Command Center  
  20  1:54  Factory  
  20  1:58  SCV  
  21  2:07  Barracks Reactor  
  21  2:08  Supply Depot  
  21  2:10  SCV  
  22  2:18  Refinery  
  22  2:23  SCV  
  23  2:35  SCV  
  24  2:47  SCV, Starport, Hellion x2  
  29  2:55  Orbital Command  
  29  2:59  SCV  
  30  3:08  Hellion  
  30  3:09  Hellion  
  33  3:13  SCV  
  34  3:23  SCV  
  34  3:24  Medivac  
  34  3:25  SCV  
  38  3:33  Hellion x2  
  42  3:36  SCV  
  42  3:37  SCV  
  42  3:40  Supply Depot  
  44  3:44  Barracks Tech Lab, Liberator  
  45  3:48  SCV  
  45  3:49  SCV  
  46  4:01  SCV x2  
  51  4:09  Barracks  
  51  4:10  Siege Tank  
  52  4:19  SCV x2  
  50  4:26  Marine x2  
  50  4:31  SCV x2  
  52  4:32  Barracks  
  52  4:40  Engineering Bay  
  52  4:41  Bunker  
  52  4:42  Supply Depot  
  52  4:46  SCV x2  
  52  4:50  Siege Tank, Marine x2  
  59  4:57  Supply Depot, Barracks Tech Lab  
  59  4:58  SCV x2  
  60  5:08  Marine x2  
  60  5:10  SCV  
  60  5:11  SCV  
  59  5:23  SCV x2, Marine  
  59  5:24  Stimpack  
  59  5:25  Marine x2, Barracks Tech Lab  
  60  5:31  Refinery  
  60  5:32  Refinery  
  60  5:37  Starport Reactor, Barracks  
  60  5:39  Barracks  
  60  5:40  Factory Reactor  
  60  5:43  Marauder  
  60  5:45  Marine x2  
  60  5:48  Combat Shields  
  60  5:49  Marauder  
  66  5:53  Terran Infantry Weapons Level 1  
  66  6:03  Marine x2  
  68  6:05  Marauder  
  68  6:09  Missile Turret, Supply Depot  
  68  6:10  Supply Depot  
  70  6:16  Medivac  
  73  6:18  Medivac  
  73  6:21  Marine x2  
  77  6:25  Barracks Reactor  
  77  6:26  Barracks Tech Lab  
  77  6:27  Marine  
  77  6:31  Marauder  
  79  6:34  Widow Mine x2  
  79  6:36  Supply Depot  
  79  6:38  SCV x2  
  85  6:41  Marine x2  
  85  6:45  Marauder  
  85  6:46  Concussive Shells, Marauder  
  91  6:49  Medivac  
  91  6:51  Supply Depot  
  93  6:57  Medivac  
  93  6:58  Marauder  
  93  7:00  Widow Mine  
  99  7:06  Marine, Marauder  
  102  7:13  Marine, Marauder  
  105  7:16  Marine  
  105  7:17  Supply Depot x2, Marine  
  105  7:20  Marauder  
  109  7:33  Marine  
  109  7:36  Ghost Academy  
  110  7:38  Widow Mine, Marine, Marauder x2  
  110  7:39  Supply Depot  
  110  7:40  Supply Depot  
  110  7:41  Marine  
  110  7:42  Marine  
  121  7:44  Liberator x2  
  121  7:50  Marauder  
  123  7:51  Marine  
  123  7:56  Marine  
  123  8:00  Marauder  
  123  8:01  Marauder  
  130  8:12  Marauder  
  128  8:14  Marine x2  
  128  8:17  Marine  
  110  8:20  Widow Mine x2  
  110  8:21  Marine, Marauder  
  110  8:22  Marauder  
  114  8:32  Marine x2  
  114  8:34  Marauder  
  118  8:35  Marine  
  118  8:39  Marine  
  118  8:41  Liberator x2  
  116  8:42  Widow Mine  
  116  8:43  Marauder  
  116  8:44  Marauder  
  104  8:50  Marine x2  
  104  8:53  Marine  
  104  8:55  Marauder  
  108  8:57  Marine  
  108  8:59  Widow Mine  
  117  9:04  Marauder  
  117  9:05  Marauder  
  117  9:08  Marine  
  120  9:16  Marauder  
  111  9:17  Marine x2  
  111  9:20  Widow Mine  
  111  9:21  Widow Mine  
  111  9:23  Marine  

Tags
 
Add a new tag
Caveats
  • Supply blocks, unpowered buildings, or Contaminate may cause inaccurate times.
  • Supply counts are checked every 10 seconds.